 Dungeon Crawl Stone Soup version 0.28-a0-2-g643f2454ad (webtiles) character file.

Game seed: 4135543649683041724

60 Sobieck the Magician (level 3, 0/19 HPs)
             Began as a Deep Elf Fire Elementalist on July 22, 2021.
             Slain by Robin (4 damage)
             ... on level 2 of the Dungeon.
             The game lasted 00:03:41 (1904 turns).

Sobieck the Magician (Deep Elf Fire Elementalist)   Turns: 1904, Time: 00:03:42

Health: 0/19       AC:  2    Str:  5    XL:     3   Next: 80%
Magic:  10/10      EV: 12    Int: 20    God:
Gold:   44         SH:  0    Dex: 15    Spells: 8/9 levels left

rFire   . . .      SeeInvis .   m - +2 whip (elec) {mace}
rCold   . . .      Faith    .   (no shield)
rNeg    . . .      Spirit   .   a - +0 robe
rPois   +          Reflect  .   (no helmet)
rElec   .          Harm     .   (no cloak)
rCorr   .          Rampage  .   (no gloves)
Will    .....                   (no boots)
Stlth   ++........              (no amulet)
HPRegen 0.06/turn               n - ring of poison resistance
MPRegen 0.12/turn               (no ring)

@: flying, invisible
A: no striking features
a: no special abilities


You were on level 2 of the Dungeon.
You visited 1 branch of the dungeon, and saw 3 of its levels.

You collected 44 gold pieces.


   Skills:
 - Level 2.4 Dodging
 + Level 3.4 Stealth
 + Level 3.9 Spellcasting
 + Level 2.2 Conjurations
 + Level 3.8 Fire Magic


You had 8 spell levels left.
You knew the following spells:

 Your Spells              Type           Power      Damage    Failure   Level
a - Foxfire               Conj/Fire      64%        2x1d7     3%          1

Your spell library contained the following spells:

 Spells                   Type           Power      Damage    Failure   Level
 Conjure Flame            Conj/Fire      16%        6-21      11%         3
 Inner Flame              Hex/Fire       11%        N/A       19%         3
 Blink                    Tloc           N/A        N/A       21%         2
 Sticky Flame             Conj/Fire      16%        2d4       36%         4
 Fireball                 Conj/Fire      8%         3d6       71%         5
 Manifold Assault         Tloc           3%         N/A       98%         5
 Storm Form               Tmut/Air       1%         N/A       100%        7

Inventory:

Hand Weapons
 c - a +0 short sword {short}
   (You took it off a kobold on level 1 of the Dungeon)
 e - a +0 short sword {short}
   (You took it off a kobold on level 1 of the Dungeon)
 j - a +0 trident {polearm}
   (You found it on level 2 of the Dungeon)
 m - a +2 whip of electrocution (weapon) {mace}
   (You found it on level 2 of the Dungeon)
Missiles
 d - 10 stones {throwing}
 f - 17 sling bullets
 g - 35 arrows
 o - 15 poisoned darts {throwing}
Armour
 a - a +0 robe (worn)
Jewellery
 n - a ring of poison resistance (left hand)
   (You found it on level 2 of the Dungeon)
Scrolls
 i - a scroll of vulnerability {unknown}
 q - a scroll of identify {unknown}
Potions
 k - a potion of haste {unknown}
 l - a potion of attraction {unknown}

Dungeon Overview and Level Annotations

Branches:
Dungeon (3/15)

Altars:

Annotations:
D:2 Robin

#..............#######.####
#........###.#............#
#........# #.#............#
########## #.>............#
.......########.##.#####.########
..............#...........#......
.........#.####.......#####.#####
.........#...............)..###
.........#....##@g...####...#<#
............#.###g..........#.#
........†####.###g.######.###.#
.........# #.....>.# #.....#
.........# ######..# #######
.......### #......#########
...##### #......#.......# ...#
###..#.#.#.#####.# ...#
######........#.#.....#


You could see Robin, a hobgoblin (strong) and a goblin (strong).


Message History

There is a stone staircase leading up here.
A goblin comes into view. It is wielding a +0 club.
You conjure some foxfire! 😎 MP[-1]
You lost 1 mp, and now have 9/10 mp.
The goblin shouts!
The goblin barely misses you.
You barely miss the goblin. The goblin barely misses you.
You hit the goblin. Lightning courses through the goblin!
You kill the goblin!
No target in view!
No target in view!
A ball python comes into view.
The ball python hisses angrily. 😎 MP[+1]
Your mp is fully restored (10).
A ball python is nearby!
The ball python misses you. The ball python grabs you.
The ball python constricts you.
You see here a scroll labelled ZIPUQIJOATZ. 😕 HP[-1]
You take 1 damage, and now have 18/19 hp.
You hit the ball python. The ball python barely misses you.
The ball python constricts you.
You hit the ball python.
The ball python bites you but does no damage.
The ball python constricts you. 😕 HP[-1]
You take 1 damage, and now have 17/19 hp.
You barely miss the ball python. The ball python bites you.
The ball python constricts you. The ball python barely misses you.
The ball python constricts you. 😕 HP[-2]
You take 2 damage, and now have 15/19 hp.
You hit the ball python.
The ball python bites you but does no damage.
The ball python constricts you.
You hit the ball python.
Lightning courses through the ball python!
You kill the ball python!
q - a scroll labelled ZIPUQIJOATZ 😎 HP[+4]
Your hp is fully restored (19).
Unknown command.
Found a stone staircase leading up.
You open the door.
There is a stone staircase leading up here.
Found a stone staircase leading up.
Done exploring.
(D) Dungeon
Where to? (Enter - D:3, ? - help)
There is a stone staircase leading down here.
You climb downwards.
An adder, 5 goblins, 4 hobgoblins and Robin come into view.
Robin is wielding a +1 spear of flaming and carrying a wand of digging (8).
The goblin shouts! x2; Robin shouts!
You hear a shout!
The hobgoblin shouts!
The goblin shouts!
Robin roars a battlecry!
The goblins go into a battle-frenzy!
The hobgoblin barely misses you.
The goblin moves out of view.
The adder moves out of view.
The hobgoblin shouts!
The goblin shouts!
The hobgoblin shouts!
There is a stone staircase leading up here.
You hear an angry hiss.
The goblin closely misses you.
Robin hits you with a +1 spear of flaming.
Robin burns you. The hobgoblin hits you.
You climb upwards.
There is a stone staircase leading down here. 😮 HP[-8]
You take 8 damage, and now have 11/19 hp.
MASSIVE DAMAGE!! (PAUSE) Robin throws the goblin at you!
The hobgoblin barely misses you.
You hit the goblin. The goblin hits you with a +0 dagger.
Robin barely misses you. The hobgoblin hits you.
* * * LOW HITPOINT WARNING * * *
😨 HP[-4]
You take 4 damage, and now have 7/19 hp.
MASSIVE DAMAGE!! (PAUSE)
The goblin hits you with a +0 dagger.
* * * LOW HITPOINT WARNING * * *
Robin closely misses you. 😱 HP[-3]
You take 3 damage, and now have 4/19 hp.
Unknown command.
Robin zaps a wand.
Some rock shatters into small pieces.
It was a potion of cancellation.
You feel magically purged.
It was a potion of flight.
You feel very buoyant.
You fly up into the air.
The hobgoblin barely misses you.
The goblin barely misses you. 😨 HP[+1] It was a potion of invisibility.
You fade into invisibility!
The hobgoblin closely misses you. The goblin hits you with a +0 dagger.
* * * LOW HITPOINT WARNING * * *
Robin hits you from afar with a +1 spear of flaming.
You die...

Skill      XL: |  1  2 |
---------------+-------+-----
Stealth        | 3 |  3.4
Conjurations   | 2 |  2.2
Dodging        | |  2.4
Spellcasting   | |  3.9
Fire Magic     | |  3.8

Action                   || total
-------------------------++-------
Melee: Whip              ||     8
 Cast: Foxfire           ||    76
  Use: Potion            ||     3
Armor: Robe              ||     3
Dodge: Dodged            ||    13

Levels and vault maps discovered:
D:1:      arrival_aquarium_a, layout_basic,
          dreamdust_ecumenical_altar_drowned_temple
D:2:      layout_basic, minmay_tetromino_l2
D:3:      layout_basic, nicolae_wu_jian_wuxing_cycle, grunt_ministairs_4,
          uniq_robin, uniq_grinder, uniq_jessica, uniq_natasha

Notes
Turn   | Place    | Note
-------+----------+-------------------------------------------
     0 | D:1      | Sobieck the Deep Elf Fire Elementalist began the quest for
                  | the Orb.
     0 | D:1      | Reached XP level 1. HP: 10/10 MP: 6/6
     0 | D:1      | magus.rc [v1.9.6]
     1 | D:1      | Noticed an electric eel
   164 | D:1      | Found a faded altar of an unknown god.
   222 | D:1      | Reached XP level 2. HP: 15/15 MP: 1/8
   659 | D:1      | You fall into a shaft and drop 1 floor!
   741 | D:2      | You add the spells Blink, Manifold Assault and Storm Form
                  | to your library.
   897 | D:2      | Reached skill level 3 in Stealth
  1054 | D:2      | Reached skill level 2 in Conjurations
  1054 | D:2      | Reached XP level 3. HP: 19/19 MP: 6/10
  1894 | D:3      | Noticed Robin
  1899 | D:2      | HP: 4/19 [goblin[Robin] (3)]
  1904 | D:2      | HP: 4/19 [goblin[Robin] (1)]
  1904 | D:2      | Slain by Robin

Vanquished Creatures
  2 adders (D:2)
  A worm (D:2)
  5 ball pythons
  6 endoplasms
  A giant cockroach (D:1)
  2 goblins (D:2)
  6 hobgoblins
  A bat (D:2)
  4 frilled lizards (D:2)
  5 kobolds
  3 rats (D:2)
  A spectral goblin (D:1)
37 creatures vanquished.

Vanquished Creatures (others)
  127 foxfires
127 creatures vanquished.

Grand Total: 164 creatures vanquished

Table legend:
 A = Non-vault XP
 B = Vault XP
 C = Vault XP percentage of total XP
 D = Non-vault monster count
 E = Vault monster count
 F = Vault count percentage of total count
                 A         B        C        D         E       F
            +---------+---------+-------+---------+---------+-------
      Total |      81 |       5 |   5.8 |      34 |       3 |   8.1
            +---------+---------+-------+---------+---------+-------
        D:1 |      19 |       1 |   5.0 |      11 |       1 |   8.3
        D:2 |      62 |       4 |   6.1 |      23 |       2 |   8.0
            +---------+---------+-------+---------+---------+-------

Illustrated notes

Table legend:
 A = Kills in this place as a percentage of kills in entire the game.
 B = Kills by you in this place as a percentage of kills by you in the entire game.
 C = Kills by friends in this place as a percentage of kills by friends in the entire game.
 D = Other kills in this place as a percentage of other kills in the entire game.
 E = Experience gained in this place as a percentage of experience gained in the entire game.
 F = Experience gained in this place divided by the number of levels of this place that you have seen.
                   A       B       C       D       E      F
               +-------+-------+-------+-------+-------+----------------------
         Total | 100.0 | 100.0 |   N/A |   N/A | 100.0 |  28.7
       Dungeon | 100.0 | 100.0 |   N/A |   N/A | 100.0 |  28.7
               +-------+-------+-------+-------+-------+----------------------

Table legend: (Time is in decaauts)
 A = Elapsed time spent in this place.
 B = Non-inter-level travel time spent in this place.
 C = Inter-level travel time spent in this place.
 D = Time resting spent in this place.
 E = Time spent auto-exploring this place.
 F = Levels seen in this place.
 G = Mean time per level.
                   A        B        C        D        E       F      G
               +--------+--------+--------+--------+--------+-----+--------+
         Total |   1909 |   1887 |     22 |    238 |   1418 |   3 |  636.3 |
       Dungeon |   1909 |   1887 |     22 |    238 |   1418 |   3 |  636.3 |
               +--------+--------+--------+--------+--------+-----+--------+

Top non-repeatable levels by time:
     D:2: 1240 daAuts
     D:1: 664 daAuts
     D:3: 4 daAuts
